 Dungeon Crawl Stone Soup version 0.29.1-13-g9f3cf754e1 (webtiles) character file.

Game seed: 17467889123910226164

43341 Peloso the Severer (level 13, -4/117 (118) HPs)
             Began as a Minotaur Fighter on Jan 27, 2023.
             Was the Champion of Okawaru.
             Slain by a minotaur
             ... wielding a +4 war axe of flaming
              (16 damage)
             ... in a Gauntlet.
             The game lasted 00:38:35 (18776 turns).

Peloso the Severer (Minotaur Fighter)              Turns: 18776, Time: 00:38:36

HP:   -4/117 (118)  AC: 16    Str: 32    XL:     13   Next: 90%
MP:   12/12         EV: 10    Int:  3    God:    Okawaru [******]
Gold: 885           SH: 18    Dex: 15    Spells: 12/12 levels left

rFire   + + .      SeeInvis .   c - +11 war axe "Vuseyw" {vamp, rPois rC+ Int-2}
rCold   + + .      Faith    .   d - +0 kite shield
rNeg    + . .      Spirit   .   r - +2 chain mail {rF+}
rPois   +          Reflect  +   O - +0 hat "Inuam" {rN+ Str+2 Dex+3}
rElec   .          Harm     .   x - scarf {rC+ rF+}
rCorr   .          Rampage  .   (no gloves)
Will    .....      NoTele   +   F - +0 pair of boots
Stlth   ..........              i - amulet of reflection
HPRegen 0.29/turn               o - +6 ring of strength
MPRegen 0.13/turn               A - +4 ring of slaying

@: lightly drained
A: horns 2, retaliatory headbutt
a: Renounce Religion, Heroism, Finesse, Duel


You were in a Gauntlet.
You worshipped Okawaru.
Okawaru was exalted by your worship.
You visited 3 branches of the dungeon, and saw 16 of its levels.
You also visited: Ossuary, Bailey, Gauntlet and Ice Cave.

You collected 885 gold pieces.

Inventory:

Hand Weapons
 a - a +0 demon blade of freezing
 b - a +2 short sword of flaming
 c - the +11 war axe "Vuseyw" (weapon) {vamp, rPois rC+ Int-2}
   (You found it on level 6 of the Dungeon)

   It occasionally heals its wielder for a portion of the damage dealt when it
   wounds a living foe.
   Int:       It affects your intelligence (-2).
   rC:        It protects you from cold.
   rPois:     It protects you from poison.
Armour
 d - a +0 kite shield (worn)
 r - a +2 chain mail of fire resistance (worn)
 x - a scarf of resistance (worn)
 F - a +0 pair of boots (worn)
 O - the +0 hat "Inuam" (worn) {rN+ Str+2 Dex+3}
   (Okawaru gifted it to you on level 3 of the Lair of Beasts)

   Str:       It affects your strength (+2).
   Dex:       It affects your dexterity (+3).
   rN:        It protects you from negative energy.
Jewellery
 i - an amulet of reflection (around neck)
 o - a +6 ring of strength (left hand)
 A - a +4 ring of slaying (right hand)
 B - a +6 ring of strength
 M - an amulet of regeneration
 S - a +4 ring of evasion
Wands
 y - a wand of charming (24)
 C - a wand of iceblast (14)
 D - a wand of digging (8)
 R - a wand of polymorph (8)
Scrolls
 e - 7 scrolls of amnesia
 g - 7 scrolls of blinking
 h - 4 scrolls of immolation
 j - a scroll of fear
 m - 5 scrolls of enchant armour
 p - 9 scrolls of teleportation
 v - 3 scrolls of noise
 H - 2 scrolls of butterflies
 J - 3 scrolls of poison
 P - a scroll of brand weapon
Potions
 f - 6 potions of brilliance
 k - a potion of resistance
 l - 9 potions of mutation
 n - 8 potions of might
 s - 10 potions of curing
 t - 4 potions of heal wounds
 u - a potion of cancellation
 w - 5 potions of haste
 z - 6 potions of flight
 E - a potion of experience {unknown}
 G - 3 potions of attraction {unknown}
 I - a potion of magic {unknown}
 L - 3 potions of invisibility
 N - a potion of berserk rage {unknown}
Miscellaneous
 q - a condenser vane
 K - a piece from Xom's chessboard (15/15)
 Q - a phial of floods


   Skills:
 + Level 12.1 Fighting
 + Level 2.0(6.4) Short Blades
 + Level 10.5(10.6) Long Blades
 + Level 15.9 Axes
 + Level 13.0 Armour
 + Level 3.6 Dodging
 + Level 1.8 Stealth
 + Level 13.5 Shields
 + Level 0.9 Invocations
 + Level 0.8 Evocations


You had 12 spell levels left.
You didn't know any spells.
Your spell library contained the following spells:

 Spells                   Type           Power      Damage    Failure   Level
 Beastly Appendage        Tmut           0%         N/A       98%         1
 Shock                    Conj/Air       0%         1d3       98%         1
 Ensorcelled Hibernation  Hex/Ice        0%         N/A       99%         2
 Passwall                 Tmut/Erth      0%         N/A       99%         2
 Poisonous Vapours        Pois/Air       0%         N/A       99%         2
 Static Discharge         Conj/Air       0%         3-3/arc   99%         2
 Sublimation of Blood     Necr           0%         N/A       99%         2
 Wereblood                Tmut           0%         N/A       99%         2
 Conjure Flame            Conj/Fire      0%         6-21      100%        3
 Ignite Poison            Fire/Tmut/Pois 0%         N/A       100%        3
 Spider Form              Tmut/Pois      0%         N/A       100%        3
 Swiftness                Air            0%         N/A       100%        3
 Airstrike                Air            0%         2d(0-16)  100%        4
 Corpse Rot               Necr/Pois/Air  0%         N/A       100%        4
 Sticky Flame             Conj/Fire      0%         2d3       100%        4
 Blade Hands              Tmut           0%         N/A       100%        5
 Irradiate                Conj/Tmut      0%         3d11      100%        5
 Eringya's Noxious Bog    Tmut/Pois      0%         N/A       100%        6
 Dragon Form              Tmut           0%         N/A       100%        7
 Call Canine Familiar     Summ           Unusable   N/A       N/A         3
 Summon Forest            Summ/Tloc      Unusable   N/A       N/A         5
 Summon Cactus Giant      Summ           Unusable   N/A       N/A         6
 Summon Hydra             Summ           Unusable   N/A       N/A         7

Dungeon Overview and Level Annotations

Branches:
Dungeon (12/15)            Temple (1/1) D:5            Lair (3/5) D:11
  Swamp (0/4) Lair:2       Spider (0/4) Lair:3          Orc (0/2) D:12
Ossuary (visited)          Bailey (visited)           IceCv (visited)
Gauntlet (1/1)

Altars:
Ashenzari
Cheibriados
Elyvilon
Fedhas
Gozag
Kikubaaqudgha
Makhleb
Okawaru
Qazlal
Ru
Sif Muna
Trog
Uskayaw
Vehumet
Wu Jian
Xom
Yredelemnul
Zin
The Shining One

Shops:
D:9 (

Annotations:
D:4 3 runed translucent doors, Rider's ghost, weakling GrDe Gauntlet 12 transporters, 21 runed translucent doors, exclusion: orange crystal statue


Innate Abilities, Weirdness & Mutations

You have a pair of horns on your head.
You reflexively headbutt those who attack you in melee.


Message History

You feel sick.
You feel sick.
You feel sick.
You feel sick.
You feel sick.
You are no longer poisoned.
L - 3 potions of invisibility (gained 1)
S - a +4 ring of evasion
There is a transporter here.
You see here a +2 mace of draining.
You see here a +2 mace of draining.
There is a transporter here.
You enter the transporter and appear at another place.
The blizzard demon shouts!
You open the door.
Found a phial of floods.
Found a gate leading back out of this place.
A minotaur comes into view. It is wielding a +4 war axe of flaming.
There is an open door here.
You slice the minotaur!!
You feel better.
You headbutt the minotaur, but do no damage.
The minotaur is moderately wounded.
The minotaur hits you with a +4 war axe of flaming!!
* * * LOW HITPOINT WARNING * * *
The minotaur burns you.
* * * LOW HITPOINT WARNING * * *
The minotaur gores you but does no damage.
You slice the minotaur!! You headbutt the minotaur.
The minotaur is heavily wounded.
The minotaur reads a scroll.
Wisps of shadow swirl around the minotaur.
Unknown command.
You slash the minotaur!
You feel better.
Your headbutt misses the minotaur.
The minotaur is severely wounded.
You hit the torpor snail but do no damage.
You slash the floating eye!
You kill the floating eye!
The floating eye dissolves into shadows!
The minotaur hits you with a +4 war axe of flaming!
You die...

###
####8.§©.©.©.©.©.©..8####
### #≈...............§#
#####.###.###.#####
#.###.###.###
............#
#.###.###.###.#
#.............#
######'####### #@# #wHB.#
+⌠.5.# #...⌠+ #.⌠..#
##+###


You could see a minotaur, a torpor snail (summoned), a death scarab (summoned)
and an iron imp (summoned).

Vanquished Creatures
  A frost giant (IceCv)
  Erolcha (D:9)
  3 hydras
  A boulder beetle (Lair:1)
  7 two-headed ogres
  8 death yaks (IceCv)
  A soul eater (Gauntlet)
  Sonja (Lair:1)
  4 oklob plants (Lair:2)
  A will-o-the-wisp (Lair:2)
  A cyclops (D:11)
  A manticore (D:11)
  4 elephants (Gauntlet)
  An ice statue (IceCv)
  4 black mambas
  2 cane toads (Lair:1)
  A torpor snail (Gauntlet)
  7 rime drakes
  An ice devil (D:11)
  5 komodo dragons
  An unseen horror (D:11)
  4 kobold demonologists (D:11)
  4 trolls
  3 meliai (Gauntlet)
  Grinder (D:3)
  15 blink frogs
  4 polar bears (IceCv)
  7 spriggans (Bailey)
  4 wyverns
  23 yaks
  A vampire (D:11)
  A wraith (D:12)
  A basilisk (Lair:1)
  A steam dragon (Bailey)
  A two-headed ogre zombie (D:12)
  An acid dragon (D:9)
  3 water moccasins
  3 orc warriors
  An ice beast (D:5)
  A black bear (D:7)
  A sky beast (D:3)
  7 ogres
  7 wolves (IceCv)
  8 centaurs
  4 phantoms
  A kobold brigand (D:10)
  2 necrophages
  6 bullfrogs
  4 gnoll sergeants
  13 scorpions
  5 wights (D:8)
  A troll zombie (D:12)
  13 killer bees
  3 howler monkeys
  5 electric eels
  3 centaur zombies (Ossuary)
  A jelly (D:5)
  11 hounds
  2 human zombies (Ossuary)
  12 orc priests
  2 iguanas
  Jessica (D:3)
  Ijyb (D:5)
  2 gnoll boudas
  9 orc wizards
  6 scorpion zombies (Ossuary)
  5 ogre zombies (D:12)
  3 mummies (Ossuary)
  Robin (D:1)
  9 adders
  16 gnolls
  4 shadow imps (Gauntlet)
  3 worms
  3 dart slugs
  35 orcs
  8 endoplasms
  2 giant cockroaches
  18 goblins
  10 hobgoblins
  4 quokkas
  2 ball pythons
  2 bats (D:1)
  3 frilled lizards
  2 gnoll zombies (Ossuary)
  9 goblin zombies
  5 hobgoblin zombies
  13 kobolds
  5 kobold zombies (Ossuary)
  2 orc skeletons (D:12)
  18 orc zombies
  3 rats
  A butterfly (Lair:3)
451 creatures vanquished.

Vanquished Creatures (others)
  14 demonic plants (Gauntlet)
  8 foxfires (Lair:2)
  12 fungi
  81 plants
  2 withered plants (D:1)
117 creatures vanquished.

Grand Total: 568 creatures vanquished

Notes
Turn   | Place    | Note
-------+----------+-------------------------------------------
     0 | D:1      | Peloso the Minotaur Fighter began the quest for the Orb.
     0 | D:1      | Reached XP level 1. HP: 19/19 MP: 0/0
   370 | D:1      | Reached XP level 2. HP: 27/27 MP: 1/1
   686 | D:1      | Found a faded altar of an unknown god.
  1106 | D:2      | Noticed Robin
  1725 | D:1      | Killed Robin
  1726 | D:1      | Reached XP level 3. HP: 29/33 MP: 2/2
  2298 | D:2      | Reached XP level 4. HP: 37/40 MP: 3/3
  2409 | D:2      | Found a basalt altar of Yredelemnul.
  2477 | D:2      | You fall into a shaft and drop 1 floor!
  2477 | D:3      | Found a burning altar of Makhleb.
  2523 | D:3      | Noticed Jessica
  2534 | D:3      | Killed Jessica
  3079 | D:3      | Reached XP level 5. HP: 44/47 MP: 4/4
  3108 | D:3      | Noticed a sky beast
  3126 | D:3      | Killed a sky beast
  3127 | D:3      | Reached skill level 1 in Dodging
  3479 | D:3      | Noticed Grinder
  3503 | D:3      | Killed Grinder
  3504 | D:3      | Reached skill level 5 in Long Blades
  3504 | D:3      | Reached skill level 5 in Armour
  3504 | D:3      | Reached skill level 5 in Shields
  3504 | D:3      | Reached XP level 6. HP: 31/55 MP: 5/5
  3927 | D:4      | Reached XP level 7. HP: 21/60 MP: 6/6
  4168 | D:4      | Found a sand-covered staircase.
  4207 | Ossuary  | Entered an ossuary
  4315 | Ossuary  | Reached skill level 5 in Fighting
  4637 | Ossuary  | Reached XP level 8. HP: 65/68 MP: 7/7
  5666 | D:4      | Found a stormy altar of Qazlal.
  5669 | D:4      | Found a runed translucent gate.
  5685 | D:4      | Found a runed translucent gate.
  5688 | D:4      | Found a runed translucent gate.
  5689 | D:4      | Noticed Rider's ghost (weakling GrDe)
  5832 | D:5      | Entered Level 5 of the Dungeon
  5956 | D:5      | Found a staircase to the Ecumenical Temple.
  5988 | D:5      | Reached XP level 9. HP: 50/75 MP: 8/8
  6021 | Temple   | Entered the Ecumenical Temple
  6109 | Temple   | Became a worshipper of Warmaster Okawaru
  6171 | D:5      | Found a shimmering blue altar of Sif Muna.
  6232 | D:5      | Got Sif Muna's Codex of the Storm
  6237 | D:5      | Found a bloodstained altar of Trog.
  6388 | D:5      | Found a sacrificial altar of Ru.
  6435 | D:5      | Noticed Ijyb
  6439 | D:5      | Killed Ijyb
  6480 | D:5      | Found an ancient bone altar of Kikubaaqudgha.
  6491 | D:5      | Reached skill level 10 in Long Blades
  6943 | D:6      | Reached * piety under Okawaru
  7361 | D:6      | Identified the +11 war axe "Vuseyw" {vamp, rPois rC+ Int-2}
  7628 | D:7      | Found a flagged portal.
  7634 | D:7      | Reached skill level 1 in Stealth
  7644 | Bailey   | Entered a bailey
  7659 | Bailey   | Reached skill level 2 in Axes
  7687 | Bailey   | Reached ** piety under Okawaru
  7688 | Bailey   | Reached skill level 3 in Axes
  7721 | Bailey   | Noticed a two-headed ogre
  7736 | Bailey   | Killed a two-headed ogre
  7737 | Bailey   | Reached skill level 4 in Axes
  7737 | Bailey   | Reached XP level 10. HP: 57/84 MP: 5/9
  7878 | Bailey   | Reached skill level 5 in Axes
  7970 | Bailey   | Reached *** piety under Okawaru
  8380 | D:7      | Reached skill level 6 in Axes
  8390 | D:7      | Identified the +1 robe "Qakkycuh" {Slay+2}
  9575 | D:8      | Reached skill level 7 in Axes
  9691 | D:8      | Got Hapliduj's Directory of the Vapourous Flock
 10186 | D:9      | Found Zeiceim's Weapon Shop.
 10220 | D:9      | Noticed Erolcha
 10226 | D:9      | Killed Erolcha
 10227 | D:9      | Reached skill level 8 in Axes
 10393 | D:9      | Reached **** piety under Okawaru
 11022 | D:9      | Reached skill level 10 in Armour
 11198 | D:10     | Entered Level 10 of the Dungeon
 11207 | D:10     | Found a broken altar of Ashenzari.
 11224 | D:10     | Reached XP level 11. HP: 84/94 MP: 10/10
 11330 | D:10     | Found a glowing golden altar of the Shining One.
 11339 | D:10     | Found a blossoming altar of Fedhas.
 11342 | D:10     | Found an ornate altar of the Wu Jian Council.
 11342 | D:10     | Found a snail-covered altar of Cheibriados.
 11354 | D:10     | Found a hide-covered altar of Uskayaw.
 11564 | D:10     | Reached skill level 9 in Axes
 12261 | D:11     | Found a staircase to the Lair.
 12295 | D:11     | Identified the +8 short sword of Xouz {vorpal, +Blink rF++
                  | rC- Dex+3}
 12303 | D:11     | Reached skill level 10 in Shields
 12306 | D:11     | Noticed a two-headed ogre
 12362 | D:11     | Found a frozen archway.
 12372 | D:11     | Reached ***** piety under Okawaru
 12379 | IceCv    | Entered an ice cave
 12395 | IceCv    | Noticed a death yak
 12405 | IceCv    | Noticed a death yak
 12408 | IceCv    | Killed a death yak
 12409 | IceCv    | Reached skill level 10 in Axes
 12425 | IceCv    | Killed a death yak
 12465 | IceCv    | Noticed a death yak
 12467 | IceCv    | Noticed a death yak
 12469 | IceCv    | Noticed a death yak
 12470 | IceCv    | Killed a death yak
 12471 | IceCv    | Reached skill level 11 in Axes
 12478 | IceCv    | Killed a death yak
 12481 | IceCv    | Killed a death yak
 12860 | IceCv    | Noticed a death yak
 12870 | IceCv    | Killed a death yak
 12870 | IceCv    | Reached ****** piety under Okawaru
 12875 | IceCv    | Reached XP level 12. HP: 104/104 MP: 11/11
 12897 | IceCv    | Noticed a death yak
 12906 | IceCv    | Killed a death yak
 12907 | IceCv    | Reached skill level 12 in Axes
 12937 | IceCv    | Noticed a frost giant
 12937 | IceCv    | Noticed a death yak
 12951 | IceCv    | Killed a frost giant
 12955 | IceCv    | Killed a death yak
 12955 | IceCv    | Received a gift from Okawaru
 12963 | IceCv    | Reached skill level 13 in Axes
 12969 | IceCv    | Reached skill level 10 in Fighting
 13394 | D:11     | Noticed a two-headed ogre
 13402 | D:11     | Killed a two-headed ogre
 13761 | D:11     | Noticed a two-headed ogre
 13761 | D:11     | Noticed a four-headed hydra
 13771 | D:11     | Noticed a two-headed ogre
 13772 | D:11     | Killed a two-headed ogre
 13777 | D:11     | Killed a two-headed ogre
 13785 | D:11     | Killed a four-headed hydra
 13786 | D:11     | Noticed a two-headed ogre
 13790 | D:11     | Killed a two-headed ogre
 13905 | D:11     | Noticed a two-headed ogre
 13906 | D:11     | Killed a two-headed ogre
 13907 | D:11     | Reached skill level 1 in Short Blades
 13913 | D:11     | Killed a two-headed ogre
 13913 | D:11     | Received a gift from Okawaru
 13914 | D:11     | Reached skill level 14 in Axes
 14366 | Lair:1   | Entered Level 1 of the Lair of Beasts
 14453 | Lair:1   | Found a glowing silver altar of Zin.
 14459 | Lair:1   | Noticed Sonja
 14464 | Lair:1   | Killed Sonja
 14465 | Lair:1   | Reached XP level 13. HP: 115/115 MP: 12/12
 14495 | Lair:1   | Found an ornate altar of the Wu Jian Council.
 14496 | Lair:1   | Found a hide-covered altar of Uskayaw.
 14829 | Lair:1   | Received a gift from Okawaru
 15217 | Lair:2   | Found a staircase to the Swamp.
 15355 | Lair:2   | Reached skill level 15 in Axes
 16642 | Lair:3   | Found a hole to the Spider Nest.
 16661 | Lair:3   | Identified the +0 hat "Inuam" {rN+ Str+2 Dex+3} (Okawaru
                  | gifted it to you on level 3 of the Lair of Beasts)
 16661 | Lair:3   | Received a gift from Okawaru
 17661 | D:12     | Found a staircase to the Orcish Mines.
 17712 | D:12     | Found a gate leading to a gauntlet.
 17732 | Gauntlet | Entered a Gauntlet
 17732 | Gauntlet | Found a transporter.
 17743 | Gauntlet | Found a transporter.
 17745 | Gauntlet | Found a transporter.
 17747 | Gauntlet | Found a transporter.
 17749 | Gauntlet | Found a large runed translucent door.
 17749 | Gauntlet | Found a large runed translucent door.
 17750 | Gauntlet | Found a large runed translucent door.
 17750 | Gauntlet | Found a large runed translucent door.
 17762 | Gauntlet | Found a transporter.
 17777 | Gauntlet | Found a transporter.
 17784 | Gauntlet | Found a transporter.
 17803 | Gauntlet | Found a transporter.
 17818 | Gauntlet | Found a transporter.
 17843 | Gauntlet | Found a large runed translucent door.
 17844 | Gauntlet | Found a large runed translucent door.
 17845 | Gauntlet | Found a large runed translucent door.
 17845 | Gauntlet | Found a large runed translucent door.
 17846 | Gauntlet | Found a runed translucent gate.
 17847 | Gauntlet | Found a transporter.
 17847 | Gauntlet | Found a runed translucent gate.
 17847 | Gauntlet | Noticed a blizzard demon
 17848 | Gauntlet | Found a runed translucent gate.
 17849 | Gauntlet | Found a large runed translucent door.
 17849 | Gauntlet | Found a large runed translucent door.
 17849 | Gauntlet | Found a runed translucent door.
 17849 | Gauntlet | Found a runed translucent door.
 17864 | Gauntlet | Found a large runed translucent door.
 17864 | Gauntlet | Found a large runed translucent door.
 17865 | Gauntlet | Found a large runed translucent door.
 17866 | Gauntlet | Found a large runed translucent door.
 17874 | Gauntlet | Found a transporter.
 17875 | Gauntlet | Found a large runed translucent door.
 17875 | Gauntlet | Found a large runed translucent door.
 17879 | Gauntlet | Found a transporter.
 17905 | Gauntlet | Found a transporter.
 17917 | Gauntlet | Found a transporter.
 17921 | Gauntlet | Noticed a dire elephant
 17937 | Gauntlet | Found a transporter.
 17953 | Gauntlet | Found a transporter.
 17955 | Gauntlet | Found a transporter.
 17984 | Gauntlet | Found a transporter.
 18772 | Gauntlet | Noticed a minotaur
 18776 | Gauntlet | Slain by a minotaur

Illustrated notes

Levels and vault maps discovered:
D:1:      giann_horns, layout_basic, ebering_ecumenical_altar_petrified,
          serial_corexii_hall, corexii_hall_statues_t, corexii_hall_statues_l
D:2:      layout_basic, basic_altar, kennysheep_generic_room_15, uniq_robin
D:3:      layout_basic, mainiacjoe_overflow_cross_hatched, serial_forest,
          infiniplex_forest_lined_corner, infiniplex_forest_clump_cross,
          infiniplex_forest_end_1, infiniplex_forest_lined_3_way,
          infiniplex_forest_zigzag_2, infiniplex_forest_clump_double,
          infiniplex_forest_clump_small, uniq_jessica, uniq_grinder
D:4:      minmay_evil_eye, layout_loops_ring, nicolae_qazlal_scattered_showers,
          nicolae_ossuary_entry_false_entrances, ebering_ghost_rock_garden
D:5:      layout_basic, nzn_overflow_gifts_of_might_and_magic,
          mainiacjoe_overflow_catch_the_wave, temple_pool_b, uniq_ijyb
D:6:      layout_basic
D:7:      layout_layer_cave, enter_bailey_3
D:8:      cheibrodos_helix_gallery, layout_rooms
D:9:      layout_loops_corners, serial_shops, nicolae_shop_bloodbath_and_beyond,
          hex_medium, uniq_erolcha
D:10:     layout_loops_ring, nicolae_overflow_hallway_of_the_gods,
          mainiacjoe_overflow_small_starburst
D:11:     minmay_octagon_keep, layout_basic, erik_lair_island,
          portal_ice_cave_demonic_guard
D:12:     minmay_curly_fans, layout_long_grid, zombieorc2_lemuel,
          gauntlet_entry_generic, uniq_psyche
Temple:   zaba_magenta_temple
Lair:1:   layout_gridlike, lemuel_altar_in_water2,
          nzn_masters_of_martial_movement, grunt_megastairs_3, uniq_sonja
Lair:2:   minmay_lair_oklob_tunnel, layout_regular_city,
          minmay_swamp_entry_wisps, grunt_megastairs_1, lemuel_fruit_fields
Lair:3:   layout_small_grid, spider_nest_entry_web_field,
          dreamdust_deal_with_the_devil, chequers_serial_rivers_room_b,
          guppyfry_lair_drakes
Gauntlet: gammafunk_gauntlet_one_two_three [nicolae_gauntlet_arena_x,
          gammafunk_gauntlet_arena_spirals, gammafunk_gauntlet_arena_hedges,
          gammafunk_gauntlet_arena_arrow_garden, nicolae_gauntlet_arena_grate_2,
          minmay_gauntlet_arena_make_your_own_arena,
          gammafunk_gauntlet_arena_teeth, gammafunk_gauntlet_arena_crates,
          gammafunk_gauntlet_arena_split_x, gauntlet_exit_hidden_loot]

Skill      XL: |  1  2  3  4  5  6  7  8  9 10 11 12 13 |
---------------+----------------------------------------+-----
Armour         | 4 5 6 7 8 10 11 12 13 | 13.0
Shields        | 4 5 7 8 9 11 12 13 | 13.5
Fighting       | 4 5 6 8 9 10 12 | 12.1
Long Blades    | 3 4 5 6 7 9 10 | 10.5
Dodging        | 1 2 3 |  3.6
Stealth        | 1 |  1.8
Axes           | 4 8 11 14 15 | 15.9
Short Blades   | 1 2 |  2.0
Invocations    | |  0.9
Evocations     | |  0.8

Action                   |  1- 3 |  4- 6 |  7- 9 | 10-12 | 13-15 || total
-------------------------+-------+-------+-------+-------+-------++-------
Melee: Long sword        |   102 |    95 |   339 |       |       ||   536
       Headbutt          |    18 |    14 |    86 |    79 |    62 ||   259
       Short sword       |     4 |       |       |     7 |    13 ||    24
       War axe           |       |       |    25 |   357 |   250 ||   632
Invok: Heroism           |       |       |     2 |     4 |     3 ||     9
Evoke: Wand              |       |       |     1 |     7 |       ||     8
  Use: Scroll            |     3 |     1 |     9 |    11 |     1 ||    25
       Potion            |       |       |       |     3 |       ||     3
Armor: Scale mail        |    58 |    24 |       |       |       ||    82
       Chain mail        |       |       |   119 |   126 |    60 ||   305
       Plate armour      |       |       |    41 |    49 |       ||    90
Dodge: Dodged            |    57 |    27 |   114 |    99 |    66 ||   363
Block: Buckler           |    53 |    33 |   206 |    84 |       ||   376
       Reflection        |       |     2 |       |    18 |     2 ||    22
       Kite shield       |       |       |       |   211 |   190 ||   401
